Map: Frozen Temple

Players

Genix - Winner!

  • Race: Protoss Protoss
  • League: Master

Miszu

  • Race: Terran Terran
  • League: Master

VOD

Have the link to the VOD?

Description

Time

  • Played on: April 17, 2016, 1:30 p.m.
  • Length: 8:39
Show
View Real Time Build Order
Export as new Build Order

Genix Protoss - Winner!

Build Orders: 1 Gate Expand, Blink Stalkers 

Get SALT Encoding   

  12  0:01  Probe (Chrono Boost)  
  13  0:13  Probe (Chrono Boost)  
  14  0:17  Pylon  
  14  0:23  Probe (Chrono Boost)  
  16  0:35  Probe (Chrono Boost)  
  16  0:39  Gateway  
  16  0:42  Assimilator  
  16  0:46  Probe (Chrono Boost)  
  17  0:57  Probe (Chrono Boost)  
  18  1:07  Probe (Chrono Boost)  
  19  1:22  Nexus  
  19  1:26  Probe (Chrono Boost)  
  20  1:37  Cybernetics Core, Probe (Chrono Boost)  
  21  1:41  Assimilator  
  21  1:48  Probe (Chrono Boost)  
  21  1:51  Pylon  
  22  1:58  Probe (Chrono Boost)  
  23  2:09  Probe (Chrono Boost)  
  23  2:13  Adept, Warp Gate (Chrono Boost)  
  26  2:20  Mothership Core (Chrono Boost)  
  28  2:30  Pylon  
  28  2:34  Probe (Chrono Boost)  
  29  2:38  Probe (Chrono Boost)  
  29  2:42  Twilight Council  
  30  2:44  Probe (Chrono Boost)  
  30  2:49  Probe (Chrono Boost)  
  32  2:54  Probe  
  33  3:01  Probe  
  33  3:04  Probe  
  35  3:13  Probe  
  35  3:15  Probe  
  35  3:18  Gateway  
  35  3:19  Blink (Chrono Boost)  
  37  3:21  Gateway  
  37  3:25  Probe x2  
  39  3:34  Pylon  
  39  3:38  Probe x2  
  39  3:39  Robotics Facility  
  41  3:49  Probe  
  41  3:50  Probe  
  43  3:58  Assimilator  
  43  3:59  Probe  
  43  4:00  Assimilator  
  45  4:02  Probe  
  45  4:10  Probe  
  45  4:14  Stalker x2  
  45  4:15  Stalker, Probe  
  53  4:26  Observer (Chrono Boost)  
  54  4:32  Probe  
  54  4:33  Probe  
  56  4:38  Stalker x3  
  56  4:42  Nexus  
  56  4:45  Pylon  
  62  4:52  Pylon  
  62  4:56  Pylon  
  62  5:01  Observer (Chrono Boost)  
  62  5:02  Probe  
  62  5:03  Probe  
  65  5:15  Probe x2  
  65  5:17  Stalker x3  
  73  5:27  Probe x2  
  75  5:39  Probe x2  
  77  5:43  Stalker x3  
  77  5:46  Pylon  
  77  5:47  Observer  
  77  5:49  Resonating Glaives (Chrono Boost)  
  84  5:51  Forge  
  84  5:54  Pylon  
  84  5:55  Probe x2  
  86  6:04  Probe  
  86  6:06  Stalker x3  
  86  6:07  Probe x2  
  95  6:17  Protoss Ground Weapons Level 1 (Chrono Boost)  
  95  6:20  Probe  
  95  6:22  Probe x2  
  95  6:24  Robotics Facility  
  98  6:25  Robotics Bay  
  98  6:26  Assimilator  
  98  6:29  Assimilator  
  98  6:38  Stalker x3  
  104  6:40  Pylon  
  104  6:43  Pylon, Probe  
  104  6:44  Probe  
  104  6:45  Pylon  
  104  6:47  Probe  
  107  6:56  Probe x2  
  109  7:02  Stalker x3  
  109  7:06  Pylon  
  115  7:18  Disruptor x2 (Chrono Boost)  
  121  7:26  Gateway  
  121  7:28  Gateway  
  121  7:30  Gateway  
  121  7:31  Stalker x3  
  121  7:32  Gateway  
  121  7:34  Pylon  
  127  7:54  Disruptor x2 (Chrono Boost)  
  133  7:59  Stalker x3  
  137  8:23  Probe x3  
  137  8:25  Nexus  
  146  8:36  Stalker  
  146  8:37  Pylon  
Show
View Real Time Build Order
Export as new Build Order

Miszu Terran 

Build Orders: Command Center First (CC), MMM Bio 

Get SALT Encoding   

  12  0:01  SCV  
  13  0:13  SCV  
  14  0:18  Supply Depot  
  14  0:25  SCV  
  15  0:40  SCV  
  16  0:52  SCV  
  17  1:04  SCV  
  17  1:07  Command Center  
  18  1:16  SCV  
  18  1:17  Barracks  
  19  1:28  SCV  
  19  1:31  Barracks  
  20  1:40  SCV  
  20  1:45  Barracks  
  21  1:52  SCV  
  22  2:06  Marine, Orbital Command  
  23  2:24  Marine, Orbital Command  
  23  2:26  Marine  
  23  2:28  Supply Depot  
  25  2:32  SCV  
  25  2:33  Marine  
  27  2:39  Refinery  
  27  2:41  Refinery  
  27  2:42  Marine  
  28  2:44  SCV  
  28  2:47  Marine  
  28  2:50  SCV  
  31  2:53  Marine  
  31  2:56  SCV  
  33  3:00  Supply Depot  
  33  3:02  SCV  
  34  3:07  Marine  
  34  3:08  SCV  
  34  3:12  Marine, Barracks Tech Lab  
  36  3:14  SCV  
  38  3:20  SCV  
  38  3:25  Marine  
  38  3:26  SCV  
  41  3:30  Marine x2  
  41  3:32  SCV  
  41  3:33  Stimpack  
  44  3:35  Supply Depot  
  44  3:38  SCV  
  45  3:43  Marine  
  45  3:45  SCV  
  45  3:48  Marine x2  
  48  3:51  SCV  
  50  3:57  SCV  
  50  3:59  Factory, Supply Depot  
  50  4:01  Marine, Refinery  
  52  4:03  SCV  
  52  4:04  Engineering Bay  
  52  4:06  Marine  
  52  4:08  Marine  
  52  4:09  SCV  
  56  4:15  SCV  
  57  4:21  Marine, SCV  
  57  4:23  Supply Depot, Marine  
  60  4:25  Marine  
  60  4:27  SCV  
  62  4:31  Terran Infantry Weapons Level 1  
  62  4:33  SCV  
  63  4:39  SCV  
  63  4:40  Supply Depot  
  63  4:41  Marine  
  63  4:42  Starport  
  63  4:43  Factory Reactor  
  63  4:44  Barracks Reactor, Barracks Tech Lab  
  63  4:45  SCV  
  66  4:49  Supply Depot  
  66  4:51  SCV  
  67  4:56  Missile Turret  
  67  4:57  SCV, Missile Turret  
  68  5:03  Marauder, SCV  
  68  5:04  Marauder  
  73  5:11  Barracks  
  71  5:17  Barracks  
  70  5:24  Marauder  
  70  5:26  Marauder, Concussive Shells  
  70  5:27  Factory Reactor  
  70  5:28  Medivac  
  70  5:34  Medivac  
  71  5:41  Marine x2  
  70  5:51  Marauder x2, Combat Shields  
  70  5:52  Supply Depot  
  74  5:58  Command Center  
  74  5:59  Marine  
  69  6:04  Marine  
  69  6:05  Marine x2  
  69  6:07  Widow Mine  
  74  6:12  Marauder, Widow Mine  
  74  6:13  Medivac  
  74  6:15  Marine  
  74  6:16  Marine  
  80  6:22  Marine  
  77  6:26  Barracks Tech Lab  
  77  6:27  Refinery  
  77  6:32  Barracks Reactor  
  77  6:33  Marauder  
  77  6:36  Widow Mine  
  77  6:37  Marine, Marauder  
  84  6:40  Supply Depot  
  84  6:41  Supply Depot  
  84  6:45  Marine, Medivac, Marauder  
  89  6:47  Widow Mine  
  91  6:54  Marine  
  91  6:55  Marine  
  91  6:59  Marauder  
  95  7:02  SCV x2  
  95  7:03  Supply Depot, Marine  
  95  7:06  Marine  
  99  7:09  Orbital Command  
  99  7:14  SCV  
  99  7:15  SCV  
  101  7:23  Marauder  
  101  7:24  Marauder  
  101  7:25  Marine  
  101  7:26  SCV  
  101  7:27  SCV  
  106  7:37  Marine, Marauder  
  109  7:45  Marauder  
  109  7:48  Marauder  
  110  7:52  Marine  
  110  7:55  Marine  
  110  7:56  Marine  
  113  7:59  Marauder  
  113  8:05  SCV  
  113  8:06  Marauder, SCV x2  
  113  8:07  Engineering Bay, Armory  
  113  8:09  Marauder  
  113  8:10  Barracks x3  
  120  8:16  Marine  
  120  8:18  SCV x2  
  130  8:31  Supply Depot  
Tags
 
Add a new tag
Caveats
  • Supply blocks, unpowered buildings, or Contaminate may cause inaccurate times.
  • Supply counts are checked every 10 seconds.